 Dungeon Crawl Stone Soup version 0.21.1-1-g345015fe64 (webtiles) character file.

42 Dox the Skirmisher (level 3, 0/30 HPs)
             Began as a Demonspawn Chaos Knight on Apr 25, 2018.
             Killed from afar by Sigmund (5 damage)
             ... with a magic dart
             ... on level 2 of the Dungeon.
             The game lasted 00:05:18 (1343 turns).

Dox the Skirmisher (Demonspawn Chaos Knight)        Turns: 1343, Time: 00:05:19

Health: 0/30       AC:  6    Str: 13    XL:     3   Next: 33%
Magic:  3/3        EV: 11    Int: 13    God:    Xom [..*...]
Gold:   76         SH:  0    Dex: 12    Spells: 2/2 levels left

rFire    + . .     SeeInvis .   a - +0 spear (chaos)
rCold    . . .     Gourm    .   (no shield)
rNeg     . . .     Faith    .   b - +2 leather armour
rPois    .         Spirit   .   (no helmet)
rElec    .         Reflect  .   j - +0 cloak
rCorr    .         Harm     .   (no gloves)
MR       .....                  (no boots)
Stlth    +.........             (no amulet)
HPRegen  0.10/turn              (no ring)
MPRegen  0.08/turn              (no ring)

@: no status effects
A: fire resistance 1, flame cloud immunity
a: Renounce Religion


You were on level 2 of the Dungeon.
You worshipped Xom.
You were a toy of Xom.
You were hungry.

You visited 1 branch of the dungeon, and saw 2 of its levels.

You collected 76 gold pieces.

Inventory:

Hand Weapons
 a - a +0 spear of chaos (weapon)
Armour
 b - a +2 leather armour (worn)
 j - a +0 cloak (worn)
Jewellery
 n - a +5 ring of evasion {unknown}
Scrolls
 d - a scroll of blinking {unknown}
 e - 2 scrolls of teleportation {unknown}
 f - a scroll of magic mapping {unknown}
 g - a scroll of identify {unknown}
 h - a scroll of enchant weapon {unknown}
 k - a scroll of fog {unknown}
 m - a scroll of enchant armour {unknown}
Comestibles
 c - a ration
 l - 3 chunks of flesh


   Skills:
 + Level 3.7 Fighting
 + Level 3.3 Polearms
 + Level 2.0 Armour
 + Level 1.1 Dodging


You had 2 spell levels left.
You didn't know any spells.

Dungeon Overview and Level Annotations

Branches:
Dungeon (2/15)

Altars:
Sif Muna

Annotations:
D:2 Sigmund


Innate Abilities, Weirdness & Mutations

Your flesh is heat resistant. (rF+)
You are immune to clouds of flame.


Message History

Something hits you!
A shower of butterflies erupts from you!
You swap places.
Something hits you!
You barely miss something. You closely miss something. Something hits you.
* * * LOW HITPOINT WARNING * * *
You completely miss something. You barely miss something.
You hear some strange, mumbled words.
Something tries to affect you, but you resist.
You hit something. You freeze something. Something hits you but does no damage.
You swap places.
Something hits you.
* * * LOW HITPOINT WARNING * * *
You are feeling hungry.
You swap places.
There is a stone staircase leading down here.
A magic dart appears from out of thin air!
The magic dart hits you!
You die... "Huh?
Did I miss anything?"

#.....# ... #.....##
.... ###...bb.###
.....
#......b...###......
#.#..b.>##..ll......
........###########.
...####..#....... ..
##......... .
######@.......
###......####..#
#........b.# #
##..........#
#<..<.......#
####...........#
#..............#
#..##....<...)..##
#.###............#


There were no monsters in sight!

Vanquished Creatures
  A worm (D:2)
  A leopard gecko (D:1)
  7 bats
  A giant cockroach (D:1)
  A goblin (D:1)
  4 hobgoblins
  8 jackals
  4 kobolds (D:1)
  2 frilled lizards
  5 rats (D:1)
34 creatures vanquished.

Notes
Turn   | Place    | Note
-------+----------+-------------------------------------------
     0 | D:1      | Dox the Demonspawn Chaos Knight began the quest for the Orb.
     0 | D:1      | Reached XP level 1. HP: 18/18 MP: 1/1
    33 | D:1      | XOM: divination: magic mapping
    57 | D:1      | XOM: silly message
   260 | D:1      | Gained mutation: Your flesh is heat resistant. (rF+) [demonic ancestry]
   260 | D:1      | Reached XP level 2. HP: 24/24 MP: 2/2
   261 | D:1      | XOM: harmless Conj miscast
   529 | D:1      | XOM: divination: detect items
   592 | D:1      | XOM: harmless Ice miscast
  1029 | D:1      | XOM: divination: magic mapping
  1063 | D:1      | XOM: harmless Hex miscast
  1077 | D:1      | Gained mutation: You are immune to clouds of flame. [demonic ancestry]
  1077 | D:1      | Reached XP level 3. HP: 29/29 MP: 3/3
  1266 | D:2      | Reached skill level 1 in Dodging
  1293 | D:2      | Found a deep blue altar of Sif Muna.
  1317 | D:2      | Noticed Sigmund
  1328 | D:2      | XOM: butterfly on damage
  1343 | D:2      | Killed from afar by Sigmund

Skill      XL: |  1  2  3 |
---------------+----------+-----
Polearms       | 3 |  3.3
Dodging        | 1 |  1.1
Armour         | 2 |  2.0
Fighting       | |  3.7

Action                   || total
-------------------------++-------
Melee: Spear             ||   137
  Use: Potion            ||     1
  Eat: Chunk             ||     1
Armor: Leather armour    ||    54
Dodge: Dodged            ||    75
